 Dungeon Crawl Stone Soup version 0.20.1-1-g8b1a95d (webtiles) character file.

457 Monsterracer the Sneak (level 7, -3/45 HPs)
             Began as a Halfling Artificer on Aug 30, 2017.
             Slain by a black bear (7 damage)
             ... on level 4 of the Dungeon on Aug 31, 2017.
             The game lasted 00:11:28 (4205 turns).

Monsterracer the Sneak (Halfling Artificer)         Turns: 4205, Time: 00:11:29

Health: -3/45      AC:  5    Str: 15    XL:     7   Next: 27%
Magic:  9/9        EV: 13    Int:  9    God:
Gold:   280        SH:  0    Dex: 15    Spells: 6/6 levels left

rFire    + . .     SeeInvis .   a - +2 long sword (freeze)
rCold    . . .     Gourm    .   (shield restricted)
rNeg     + . .     Faith    .   l - +0 ring mail "Padufom" {rF+}
rPois    +         Spirit   .   (no helmet)
rElec    .         Reflect  .   (no cloak)
rCorr    .         Harm     .   (no gloves)
MR       .....                  (no boots)
Stlth    +++.......             (no amulet)
Regen    0.2/turn               j - ring of poison resistance
MPRegen  0.2/turn               u - ring of positive energy

@: no status effects
A: mutation resistance 1
a: no special abilities


You were on level 4 of the Dungeon.
You were not hungry.

You visited 1 branch of the dungeon, and saw 4 of its levels.

You collected 280 gold pieces.

Inventory:

Hand Weapons
 a - a +2 long sword of freezing (weapon)
 b - a +0 hunting sling
Missiles
 k - 70 stones (quivered)
 p - 26 sling bullets
Armour
 l - the +0 ring mail "Padufom" (worn) {rF+}
   (You found it on level 4 of the Dungeon)

   It protects you from fire.
 v - a +1 chain mail
Jewellery
 j - a ring of poison resistance (left hand)
 q - an uncursed ring of resist corrosion
 u - a ring of positive energy (right hand)
Wands
 c - a wand of flame (21/48)
 d - a wand of enslavement (15/24)
 e - a wand of random effects (15/48)
 D - a wand of confusion (11/48)
Scrolls
 h - 2 scrolls of amnesia
 o - a scroll of identify
 s - 3 scrolls of remove curse
 y - a scroll of teleportation
Potions
 g - a potion of lignification
 i - a potion of curing
 n - a potion of might
 r - a potion of agility
 t - a potion of berserk rage
 w - a potion of heal wounds
 z - a potion of magic
Comestibles
 f - 2 bread rations
 x - 2 meat rations
 A - a royal jelly
 C - 4 fruits


   Skills:
 + Level 2.5 Fighting
   Level 1.2(2.2) Short Blades
 + Level 2.3(2.4) Long Blades
 - Level 2.1 Dodging
 - Level 7.1 Stealth
 - Level 3.0 Evocations


You had 6 spell levels left.
You didn't know any spells.

Dungeon Overview and Level Annotations

Branches:
Dungeon (4/15)
 Temple: D:4-7

Altars:


Innate Abilities, Weirdness & Mutations

You are small and have problems with some larger weapons.
You are somewhat resistant to further mutation.


Message History

The black bear claws you.
Damage: -9%(-4hp) hp: 65%(29hp)
You hit the black bear. You freeze the black bear.
The black bear is severely wounded.
The black bear bites you. The black bear barely misses you.
The black bear claws you.
* * * LOW HITPOINT WARNING * * *
The black bear closely misses you. The black bear misses you.
The black bear claws you.
* * * LOW HITPOINT WARNING * * *
Huge Dmg: -29%(-13hp) hp: 36%(16hp) Unknown command.
You hit the black bear. You freeze the black bear.
The black bear is almost dead.
The black bear bites you!
* * * LOW HITPOINT WARNING * * *
The black bear claws you.
* * * LOW HITPOINT WARNING * * *
The black bear closely misses you. The black bear bites you!
You die...

##.## ##....##
#..# #......#
##.## #.......
#..# #...#...
#..# ##..####.
#.## #...# ##
#.## #####..##
# ##..#
#..##..#
#.@.#*#.....##
#h...##.....#
#%...###....##
##%.## ##....#
#### ######


You could see a black bear (berserk).

Vanquished Creatures
  An ice beast (D:2)
  2 scorpions (D:4)
  A gnoll shaman (D:4)
  An orc priest (D:3)
  An orc wizard (D:3)
  A worker ant (D:4)
  3 gnolls (D:4)
  4 adders
  An adder skeleton (D:4)
  2 worms (D:3)
  2 dart slugs (D:1)
  4 leopard geckos
  10 orcs
  2 ball pythons (D:2)
  4 bats (D:1)
  A giant cockroach (D:1)
  3 goblins
  9 hobgoblins
  6 kobolds
  A quokka (D:3)
  6 frilled lizards
  8 rats
73 creatures vanquished.

Vanquished Creatures (others)
  A plant (D:4)
1 creature vanquished.

Grand Total: 74 creatures vanquished

Notes
Turn   | Place    | Note
-------+----------+-------------------------------------------
     0 | D:1      | Monsterracer the Halfling Artificer began the quest for the Orb.
     0 | D:1      | Reached XP level 1. HP: 12/12 MP: 3/3
    90 | D:1      | Reached skill level 2 in Stealth
   144 | D:1      | HP: 5/12 [dart slug/slug dart (7)]
   149 | D:1      | Reached XP level 2. HP: 8/18 MP: 4/4
   481 | D:1      | Reached skill level 3 in Stealth
   658 | D:1      | Reached XP level 3. HP: 22/22 MP: 5/5
  1316 | D:2      | Reached skill level 4 in Stealth
  1572 | D:2      | Reached XP level 4. HP: 20/27 MP: 6/6
  1948 | D:3      | Noticed an ice beast
  1955 | D:3      | HP: 11/27 [orc wizard/puff of flame (9)]
  1959 | D:3      | HP: 5/27 [orc wizard/dagger (1)]
  1960 | D:3      | Reached skill level 5 in Stealth
  2214 | D:2      | Reached XP level 5. HP: 30/32 MP: 7/7
  2223 | D:2      | Killed an ice beast
  2223 | D:2      | Reached skill level 6 in Stealth
  2223 | D:2      | Reached XP level 6. HP: 29/37 MP: 8/8
  2645 | D:3      | Reached skill level 7 in Stealth
  2917 | D:3      | Reached skill level 1 in Fighting
  3251 | D:4      | Got a steaming ring mail
  3262 | D:4      | Identified the cursed +0 ring mail "Padufom" {rF+} (You found it on level 4 of the Dungeon)
  3302 | D:4      | Reached skill level 1 in Long Blades
  3507 | D:4      | Reached XP level 7. HP: 28/45 MP: 9/9
  3791 | D:4      | HP: 19/45 [gnoll (7)]
  3796 | D:4      | HP: 7/45 [gnoll (4)]
  3801 | D:4      | HP: 7/67 [gnoll (2)]
  3806 | D:4      | HP: 2/67 [gnoll/halberd (6)]
  3814 | D:4      | HP: 25/67 [gnoll/halberd (9)]
  3825 | D:4      | HP: 21/45 [gnoll/halberd (1)]
  4204 | D:4      | HP: 22/45 [black bear (6)]
  4205 | D:4      | HP: 7/45 [black bear (10)]
  4205 | D:4      | Slain by a black bear

Skill      XL: |  1  2  3  4  5  6  7 |
---------------+----------------------+-----
Stealth        | 2 3 4 5 6 7 |  7.1
Fighting       | 2 |  2.5
Long Blades    | 1 2 |  2.3
Short Blades   | |  1.2
Dodging        | |  2.1
Evocations     | |  3.0

Action                   |  1- 3 |  4- 6 |  7- 9 || total
-------------------------+-------+-------+-------++-------
Melee: Short sword       |    91 |   186 |       ||   277
       Long sword        |       |    16 |    43 ||    59
Evoke: Wand              |     1 |     5 |       ||     6
  Use: Scroll            |       |    13 |     2 ||    15
       Potion            |       |       |     2 ||     2
 Stab: Sleeping          |     7 |     3 |     1 ||    11
  Eat: Chunk             |     2 |     6 |     3 ||    11
       Bread ration      |       |     1 |       ||     1
Armor: Leather armour    |    11 |       |       ||    11
       Ring mail         |     7 |    51 |     8 ||    66
       Skin              |       |       |    22 ||    22
Dodge: Dodged            |    50 |   120 |    41 ||   211
       Rpst.: Long sword |       |     2 |     3 ||     5
